 Dungeon Crawl Stone Soup version 0.29.0-5-ge4962eb29e (webtiles) character file.

Game seed: 9177466952059085959

15474 greasedhog the Impaler (level 12, -12/94 HPs)
             Began as a Merfolk Gladiator on Aug 30, 2022.
             Was an Elder of Okawaru.
             Mangled by Donald
             ... wielding a +4 demon trident of electrocution
              (15 damage)
             ... on level 2 of the Orcish Mines.
             The game lasted 00:26:43 (15665 turns).

greasedhog the Impaler (Merfolk Gladiator)         Turns: 15665, Time: 00:26:44

Health: -12/94     AC: 12    Str: 24    XL:     12   Next: 27%
Magic:  17/17      EV: 17    Int:  9    God:    Okawaru [****..]
Gold:   337        SH:  5    Dex: 15    Spells: 11/11 levels left

rFire   . . .      SeeInvis .   a - +6 demon trident (vamp)
rCold   . . .      Faith    .   (no shield)
rNeg    . . .      Spirit   .   I - +0 steam dragon scales
rPois   .          Reflect  +   c - +0 helmet
rElec   .          Harm     .   v - +0 cloak
rCorr   .          Rampage  .   N - +3 pair of gloves of Ashenzari's Esteem {+Blink}
Will    +....                   L - +0 pair of boots
Stlth   +.........              l - amulet of reflection
HPRegen 0.25/turn               h - ring of willpower
MPRegen 0.15/turn               k - +6 ring of strength

@: no status effects
A: (nimble swimmer 2), mertail
a: Renounce Religion, Evoke Blink, Heroism, Finesse


You were on level 2 of the Orcish Mines.
You worshipped Okawaru.
Okawaru was greatly pleased with you.
You visited 3 branches of the dungeon, and saw 13 of its levels.

You collected 1015 gold pieces.
You spent 678 gold pieces at shops.

Inventory:

Hand Weapons
 a - a +6 vampiric demon trident (weapon)
Missiles
 d - a throwing net
 e - 3 javelins (quivered)
 r - 2 datura-tipped darts
 w - 26 poisoned darts
 A - a silver javelin
 P - 7 atropa-tipped darts
Armour
 c - a +0 helmet (worn)
 v - a +0 cloak (worn)
 I - +0 steam dragon scales (worn)
 L - a +0 pair of boots (worn)
 N - the +3 pair of gloves of Ashenzari's Esteem (worn) {+Blink}
   (You bought it in a shop on level 9 of the Dungeon)

   +Blink:    It lets you blink.
Jewellery
 h - a ring of willpower (left hand)
 k - a +6 ring of strength (right hand)
 l - an amulet of reflection (around neck)
 u - a +4 ring of evasion
 y - a ring of poison resistance
Wands
 g - a wand of flame (5)
 x - a wand of digging (3)
 C - a wand of polymorph (6)
 Q - a wand of paralysis (6)
Scrolls
 b - 2 scrolls of amnesia
 m - a scroll of torment
 o - 6 scrolls of poison
 q - a scroll of silence
 s - 4 scrolls of teleportation
 J - a scroll of immolation
 O - a scroll of vulnerability
 R - a scroll of fear
Potions
 f - 7 potions of curing
 i - 5 potions of heal wounds
 j - a potion of lignification {unknown}
 n - 2 potions of brilliance
 t - 2 potions of mutation
 z - 2 potions of haste
 B - 2 potions of flight
 E - a potion of degeneration {unknown}
 F - 2 potions of ambrosia
 K - 2 potions of berserk rage {unknown}
Miscellaneous
 H - a condenser vane


   Skills:
 * Level 8.3 Fighting
 - Level 16.3 Polearms
 - Level 10.0 Throwing
 - Level 10.0 Dodging
 * Level 6.8 Invocations


You had 11 spell levels left.
You didn't know any spells.
Your spell library contained the following spells:

 Spells                   Type           Power      Damage    Failure   Level
 Sandblast                Erth           0%         2d4       38%         1
 Shock                    Conj/Air       0%         1d3       38%         1
 Ensorcelled Hibernation  Hex/Ice        0%         N/A       52%         2
 Passwall                 Tmut/Erth      0%         N/A       52%         2
 Static Discharge         Conj/Air       0%         3-3/arc   52%         2
 Stone Arrow              Conj/Erth      0%         3d7       77%         3
 Swiftness                Air            0%         N/A       77%         3
 Airstrike                Air            0%         2d(0-16)  99%         4
 Dispel Undead            Necr           0%         3d6       99%         4
 Sticky Flame             Conj/Fire      0%         2d3       99%         4
 Blade Hands              Tmut           0%         N/A       100%        5
 Irradiate                Conj/Tmut      0%         3d11      100%        5
 Yara's Violent Unravell  Hex/Tmut       0%         3d3       100%        5


Dungeon Overview and Level Annotations

Branches:
Dungeon (10/15)            Temple (1/1) D:6            Lair (0/5) D:10
    Orc (2/2) D:10
    Elf: Orc:2

Altars:
Ashenzari
Cheibriados
Dithmenos
Elyvilon
Fedhas
Gozag
Hepliaklqana
Kikubaaqudgha
Makhleb
Nemelex Xobeh
Okawaru
Qazlal
Ru
Sif Muna
Trog
Uskayaw
Vehumet
Wu Jian
Xom
Yredelemnul
Zin
The Shining One

Shops:
D:3 [   D:9 (*   D:10 (   Orc:1 =!?**

Annotations:
D:8 1 runed translucent door, gelatine's ghost, novice PaFi
Orc:2 Donald


Innate Abilities, Weirdness & Mutations

((You are very nimble when in or above water. (Stealth+, EV+, Speed+++)))
Your lower body shifts to a powerful aquatic tail in water.


Message History

You puncture the orc!
You kill the orc!
Okawaru accepts your kill.
You barely miss the orc. You block the orc's attack.
You hit the orc.
The orc is moderately wounded.
You hit the orc but do no damage.
The orc is moderately wounded.
The orc closely misses you.
You puncture the orc!
You kill the orc!
Items here: )) [ †.
Okay, then.
Found 19 gold pieces.
Found 25 gold pieces.
Found 27 gold pieces.
You now have 262 gold pieces (gained 19).
Found 11 gold pieces.
You now have 287 gold pieces (gained 25).
You now have 314 gold pieces (gained 27).
You now have 337 gold pieces (gained 23).
Donald shouts!
You hear a shout!
Donald casts a spell.
Donald seems to speed up.
Donald mumbles some strange words.
Donald seems to grow stronger.
An orc comes into view. It is wielding a +0 hand axe.
The orc shouts!
Donald says, "I wonder if there's an end to this place."
Donald hits you from afar with a +4 demon trident of electrocution!
Donald asks, "How many innocent creatures did you kill for those shoes?"
Donald hits you from afar with a +4 demon trident of electrocution!
The orc warrior throws a boomerang.
The boomerang barely misses you.
Donald hits you from afar with a +4 demon trident of electrocution!
Donald hits you from afar with a +4 demon trident of electrocution!
There is an escape hatch in the ceiling, spattered with blood here.
Donald hits you from afar with a +4 demon trident of electrocution!!!
* * * LOW HITPOINT WARNING * * *
You are electrocuted!
You die...

#####...#..........
#..##...##.#............
....#...................
........................
#..........<..o.........
###.....................
#......@..............
##....<...............
#####..@..o..o.......... ##
##.##....................
##.##....#............[...... #.
##...#........#........[)[)<..
..##.......#..#..................
.................................
.................................
............#....................
##............#..................


You could see Donald (fast, strong), an orc warrior and 2 orcs.

Vanquished Creatures
  A hydra (D:9)
  A centaur warrior (D:9)
  2 two-headed ogres (Orc:1)
  An orc knight (Orc:1)
  2 orc sorcerers (Orc:1)
  A cyclops (Orc:1)
  A gargoyle (D:10)
  A komodo dragon (D:10)
  An unseen horror (D:10)
  A troll (D:10)
  2 hornets
  Sigmund (D:3)
  4 steam dragons
  12 yaks
  Menkaure (D:7)
  A warg (Orc:1)
  15 orc warriors
  2 water moccasins
  A hornet zombie (D:5)
  An ice beast (D:5)
  3 black bears
  6 ogres
  7 centaurs
  4 phantoms
  3 kobold brigands
  4 bullfrogs
  A gnoll sergeant (D:7)
  4 scorpions
  20 wights
  5 killer bees (D:9)
  2 howler monkeys
  4 hounds
  A bullfrog skeleton (D:5)
  4 jellies
  23 orc priests
  A gnoll bouda (D:7)
  4 iguanas
  Natasha (thrice) (D:2)
  21 orc wizards
  A scorpion zombie (D:5)
  3 hound skeletons (D:5)
  11 gnolls (D:7)
  8 adders
  3 white imps
  An ufetubus (D:5)
  2 worms
  4 dart slugs
  49 orcs
  5 ball pythons
  7 bats
  9 endoplasms
  2 giant cockroaches
  7 goblins
  9 hobgoblins
  2 jackals (D:2)
  17 kobolds
  4 quokkas
  3 frilled lizards
  6 rats
325 creatures vanquished.

Vanquished Creatures (others)
  A shadow (D:7)
  A sky beast (D:7)
  A howler monkey (D:7)
  An orc (D:7)
  6 fungi (D:10)
  10 plants (D:10)
  A withered plant (D:5)
21 creatures vanquished.

Grand Total: 346 creatures vanquished

Notes
Turn   | Place    | Note
-------+----------+-------------------------------------------
     0 | D:1      | greasedhog the Merfolk Gladiator began the quest for the
                  | Orb.
     0 | D:1      | Reached XP level 1. HP: 16/16 MP: 1/1
    27 | D:1      | Got the Writings on the Figure
   136 | D:1      | Reached XP level 2. HP: 23/23 MP: 2/2
   495 | D:1      | Reached XP level 3. HP: 25/29 MP: 3/3
   608 | D:1      | Found a faded altar of an unknown god.
  1211 | D:2      | Reached skill level 5 in Polearms
  1224 | D:2      | Identified the +7 hand axe "Impslayer" {vorpal, *Noise rC+
                  | Int+4}
  1621 | D:2      | Noticed Natasha
  1634 | D:2      | Killed Natasha
  1635 | D:2      | Reached XP level 4. HP: 37/37 MP: 4/4
  1972 | D:2      | Noticed Natasha
  1982 | D:2      | Killed Natasha
  2333 | D:2      | Noticed Natasha
  2340 | D:2      | Killed Natasha
  2341 | D:2      | Reached XP level 5. HP: 38/42 MP: 5/5
  2424 | D:3      | Reached skill level 6 in Polearms
  2484 | D:3      | Found a basalt altar of Yredelemnul.
  2560 | D:3      | Found Wisecwac's Antique Armour Boutique.
  2562 | D:3      | Found a sacrificial altar of Ru.
  2708 | D:3      | Found a stormy altar of Qazlal.
  2708 | D:3      | Noticed a fire elemental
  2711 | D:3      | Noticed a water elemental
  2711 | D:3      | Noticed an air elemental
  2967 | D:3      | Noticed Sigmund
  2981 | D:3      | Killed Sigmund
  2982 | D:3      | Reached skill level 5 in Fighting
  2982 | D:3      | Reached skill level 7 in Polearms
  2982 | D:3      | Reached XP level 6. HP: 38/51 MP: 6/6
  3185 | D:4      | Noticed an orc warrior
  3687 | D:4      | Reached XP level 7. HP: 56/56 MP: 7/7
  3755 | D:4      | Reached skill level 8 in Polearms
  3755 | D:4      | Reached skill level 5 in Dodging
  4588 | D:5      | Entered Level 5 of the Dungeon
  4855 | D:5      | Reached skill level 9 in Polearms
  4855 | D:5      | Reached XP level 8. HP: 43/63 MP: 8/8
  5424 | D:5      | Reached skill level 10 in Polearms
  5841 | D:5      | Reached skill level 11 in Polearms
  5841 | D:5      | Reached XP level 9. HP: 57/68 MP: 9/9
  6208 | D:6      | Found a snail-covered altar of Cheibriados.
  6719 | D:6      | Found a sparkling altar of Nemelex Xobeh.
  6794 | D:6      | Reached skill level 10 in Dodging
  6797 | D:6      | Found a white marble altar of Elyvilon.
  6989 | D:6      | Reached skill level 12 in Polearms
  7416 | D:6      | Found a staircase to the Ecumenical Temple.
  7422 | Temple   | Entered the Ecumenical Temple
  7546 | Temple   | Became a worshipper of Warmaster Okawaru
  8002 | D:7      | Found a burning altar of Makhleb.
  8002 | D:7      | Found a shadowy altar of Dithmenos.
  8002 | D:7      | Found an ancient bone altar of Kikubaaqudgha.
  8077 | D:7      | Found a broken altar of Ashenzari.
  8686 | D:7      | Noticed Menkaure
  8697 | D:7      | Killed Menkaure
  8698 | D:7      | Reached skill level 13 in Polearms
  8698 | D:7      | Reached skill level 5 in Throwing
  8983 | D:7      | Reached XP level 10. HP: 75/75 MP: 10/10
  9160 | D:7      | Reached * piety under Okawaru
  9674 | D:8      | Paralysed by a hornet for 2 turns
  9869 | D:8      | Found a runed translucent door.
  9888 | D:8      | Noticed gelatine's ghost (novice PaFi)
  9888 | D:8      | Noticed a two-headed ogre
 10322 | D:8      | Reached skill level 14 in Polearms
 10574 | D:8      | Reached ** piety under Okawaru
 10873 | D:9      | Found Covid's Antique Weapon Shoppe.
 11204 | D:9      | Found a blossoming altar of Fedhas.
 11773 | D:9      | Found a radiant altar of Vehumet.
 11920 | D:9      | Found Olaeb's Assorted Antiques.
 11941 | D:9      | Bought a scroll of identify for 42 gold pieces
 11941 | D:9      | Bought a pair of ancient gloves for 199 gold pieces
 11941 | D:9      | Identified the +3 pair of gloves of Ashenzari's Esteem
                  | {+Blink} (You bought it in a shop on level 9 of the
                  | Dungeon)
 11941 | D:9      | Bought a potion of curing for 63 gold pieces
 11967 | D:9      | Noticed a centaur warrior
 11968 | D:9      | Noticed an eight-headed hydra
 11992 | D:9      | Killed a centaur warrior
 11993 | D:9      | Reached skill level 15 in Polearms
 12019 | D:9      | Killed a ten-headed hydra
 12019 | D:9      | Reached *** piety under Okawaru
 12020 | D:9      | Reached XP level 11. HP: 46/80 MP: 11/11
 12364 | D:9      | Found a glowing silver altar of Zin.
 12389 | D:10     | Entered Level 10 of the Dungeon
 12400 | D:10     | Received a gift from Okawaru
 12528 | D:10     | Found a faded altar of an unknown god.
 12535 | D:10     | Found a hazy altar of Hepliaklqana.
 12568 | D:10     | Found Sonuf's Antique Weapon Shoppe.
 12652 | D:10     | Reached skill level 16 in Polearms
 12696 | D:10     | Reached **** piety under Okawaru
 13246 | D:10     | Reached skill level 1 in Invocations
 13283 | D:10     | Found a staircase to the Orcish Mines.
 13338 | D:10     | Received a gift from Okawaru
 13640 | D:10     | Found a staircase to the Lair.
 13677 | Orc:1    | Entered Level 1 of the Orcish Mines
 13773 | Orc:1    | Reached skill level 10 in Throwing
 13848 | Orc:1    | Noticed a cyclops
 13865 | Orc:1    | Killed a cyclops
 14283 | Orc:1    | Found Hybluv Ysuh's Jewellery Shop.
 14284 | Orc:1    | Found Onope's Distillery.
 14514 | Orc:1    | Bought a potion of heal wounds for 70 gold pieces
 14514 | Orc:1    | Bought 2 potions of heal wounds for 140 gold pieces
 14514 | Orc:1    | Bought a potion of curing for 42 gold pieces
 14520 | Orc:1    | Found Pace's Magic Scroll Shoppe.
 14532 | Orc:1    | Noticed a two-headed ogre
 14563 | Orc:1    | Killed a two-headed ogre
 14617 | Orc:1    | Bought a scroll of identify for 22 gold pieces
 14617 | Orc:1    | Bought a scroll of identify for 22 gold pieces
 14617 | Orc:1    | Bought a scroll of identify for 22 gold pieces
 14617 | Orc:1    | Bought a scroll of identify for 22 gold pieces
 14619 | Orc:1    | Identified a scroll of acquirement
 14620 | Orc:1    | Acquired a +4 vampiric demon trident
 14628 | Orc:1    | Found Alucoiq's General Store.
 14666 | Orc:1    | Reached ***** piety under Okawaru
 14666 | Orc:1    | Received a gift from Okawaru
 14781 | Orc:1    | Noticed an orc sorcerer
 14784 | Orc:1    | Noticed a two-headed ogre
 14787 | Orc:1    | Killed an orc sorcerer
 14788 | Orc:1    | Reached skill level 5 in Invocations
 14791 | Orc:1    | Killed a two-headed ogre
 14792 | Orc:1    | Reached XP level 12. HP: 91/91 MP: 12/16
 14990 | Orc:1    | Found a bloodstained altar of Trog.
 15011 | Orc:1    | Found Juqoaruh's General Store.
 15103 | Orc:1    | Received a gift from Okawaru
 15172 | Orc:1    | Bought a scroll of identify for 34 gold pieces
 15293 | Orc:2    | Entered Level 2 of the Orcish Mines
 15351 | Orc:2    | Noticed Donald
 15665 | Orc:2    | HP: 3/94 [Donald/+4 demon trident of electrocution (36)]
 15665 | Orc:2    | Mangled by Donald

Illustrated notes

Levels and vault maps discovered:
D:1:      lightli_arrival_boilingwater, layout_basic, basic_ecumenical_altar,
          nicolae_figureground_pulse
D:2:      layout_basic, nicolae_figureground_sparkle, uniq_natasha
D:3:      layout_loops_cross, mainiacjoe_overflow_alcove_1,
          lemuel_crystal_altar, nicolae_qazlal_style_of_elements, serial_shops,
          shop, wad_floor_pattern_untrapped, kennysheep_generic_room_15,
          uniq_sigmund
D:4:      layout_gridville, kennysheep_opposing_triangles
D:5:      layout_rooms, serial_undead, serial_undead_f, serial_undead_d,
          serial_undead_c, serial_undead_b, saegor_snake_ambush
D:6:      layout_rooms, cheibriados_altar_1, lemuel_tele_altar,
          mainiacjoe_overflow_surrounded_room,
          minmay_temple_entry_enclosed_plants, serial_corexii_hall,
          corexii_hall_statues_l, corexii_hall_statues_x
D:7:      minmay_chambers_of_sevens, layout_loops_corners,
          nicolae_ashenzari_panopticon, gammafunk_temple_overflow_claw,
          chequers_avenue, uniq_menkaure
D:8:      layout_basic, ebering_ghost_inner_flame
D:9:      layout_basic, fedhas_altar_2, zin_treasury, vehumet_crystals,
          serial_shops, shop, shop, minivault_20
D:10:     layout_basic, beargit_hepliaklqana_dungeon_heroes,
          grunt_lair_entry_orc_guard_hut, orc_0_dummy, serial_shops,
          nicolae_shop_trees
Temple:   nicolae_temple_bog_church
Orc:1:    nicolae_orc_accident_2, layout_caves, serial_shops, shop, shop,
          nicolae_diamond_shop, nicolae_shop_behind_doors, nicolae_shop_crystal,
          trog_butcher_becter
Orc:2:    st_orc_pillars, layout_caves, nicolae_shop_overcharged_wands,
          uniq_donald

Skill      XL: |  1  2  3  4  5  6  7  8  9 10 11 12 |
---------------+-------------------------------------+-----
Fighting       | 3 4 5 7 8 |  8.3
Polearms       | 5 7 9 11 13 15 16 | 16.3
Dodging        | 6 9 10 | 10.0
Throwing       | 5 8 10 | 10.0
Invocations    | 5 6 |  6.8

Action                   |  1- 3 |  4- 6 |  7- 9 | 10-12 || total
-------------------------+-------+-------+-------+-------++-------
Melee: Trident           |   102 |    85 |       |       ||   187
       Halberd           |       |    33 |   375 |   440 ||   848
       Demon trident     |       |       |       |   141 ||   141
       Punch             |       |       |       |     2 ||     2
Throw: Throwing net      |       |     1 |     3 |     2 ||     6
       Javelin           |       |       |       |     3 ||     3
Invok: Heroism           |       |       |       |     4 ||     4
       Finesse           |       |       |       |     1 ||     1
Evoke: Wand              |       |       |       |     9 ||     9
  Use: Scroll            |     2 |     3 |     7 |    11 ||    23
       Potion            |       |     3 |     1 |     4 ||     8
 Stab: Sleeping          |     1 |     1 |     1 |     1 ||     4
       Held in net/web   |       |       |     1 |       ||     1
       Paralysed         |       |       |       |     3 ||     3
       Fleeing           |       |       |       |     1 ||     1
Armor: Leather armour    |    23 |     8 |       |       ||    31
       Ring mail         |       |    10 |    85 |    25 ||   120
       Steam dragon scal |       |       |       |    79 ||    79
Dodge: Dodged            |    46 |    59 |   198 |   230 ||   533
Block: Other             |       |     6 |    77 |    71 ||   154
       Reflection        |       |       |     3 |    11 ||    14
